 Dungeon Crawl Stone Soup version 0.24-a0-341-g52ca42d (webtiles) character file.

Game seed: 6689039352613968697

44 Aethirshero the Ruffian (level 3, 0/30 HPs)
             Began as a Ghoul Warper on May 20, 2019.
             Slain by a gnoll
             ... wielding a +0 flail
              (9 damage)
             ... on level 2 of the Dungeon on May 21, 2019.
             The game lasted 00:04:47 (730 turns).

Aethirshero the Ruffian (Ghoul Warper)               Turns: 730, Time: 00:04:47

Health: 0/30       AC:  3    Str: 14    XL:     3   Next: 62%
Magic:  4/5        EV: 12    Int:  8    God:
Gold:   52         SH:  0    Dex:  9    Spells: 6/6 levels left

rFire    . . .     SeeInvis .     - Unarmed
rCold    + . .     Gourm    .   (no shield)
rNeg     + + +     Faith    .   a - +0 leather armour
rPois    ∞         Spirit   .   (no helmet)
rElec    .         Reflect  .   (no cloak)
rCorr    .         Harm     .   (no gloves)
MR       .....                  (no boots)
Stlth    +.........             (no amulet)
HPRegen  0.00/turn              (no ring)
MPRegen  0.09/turn              (no ring)

@: rotting
A: rotting body, claws 1, carnivore, cold resistance 1, negative energy
resistance 3, inhibited regeneration, torment resistance, unbreathing
a: no special abilities


You were on level 2 of the Dungeon.
You were not hungry.

You visited 1 branch of the dungeon, and saw 2 of its levels.

You collected 52 gold pieces.

Inventory:

Missiles
 d - 5 boomerangs of dispersal
 e - 3 poisoned darts (quivered)
 j - 8 boomerangs
Armour
 a - a +0 leather armour (worn)
Scrolls
 c - a scroll of blinking
 g - a scroll of enchant armour {unknown}
 i - a scroll of enchant weapon {unknown}
 k - a scroll of identify {unknown}
Potions
 h - 2 potions of brilliance {unknown}
Comestibles
 b - a chunk of flesh
 f - a ration


   Skills:
 * Level 2.8 Fighting
 - Level 0.8 Throwing
 + Level 1.2 Armour
 + Level 2.0 Dodging
 + Level 1.0 Stealth
 * Level 2.9 Unarmed Combat
 + Level 2.0 Spellcasting
   Level 2.6 Translocations


You had 6 spell levels left.
You didn't know any spells.
Your spell library contained the following spells:

 Spells                   Type           Power        Failure   Level  Hunger
 Blink                    Tloc           N/A          22%         2    ###....
 Shroud of Golubria       Chrm/Tloc      #.........   36%         2    ###....
 Gell's Gravitas          Tloc           #.........   41%         3    ####...
 Lesser Beckoning         Tloc           #.........   41%         3    ####...
 Teleport Other           Tloc           #.......     41%         3    ####...
 Passage of Golubria      Tloc           N/A          82%         4    #####..


Dungeon Overview and Level Annotations

Branches:
Dungeon (2/15)

Altars:


Innate Abilities, Weirdness & Mutations

Your body is rotting away.
You thrive on raw meat.
You are immune to poison.
You have sharp fingernails.
You are carnivorous and can eat meat at any time.
Your flesh is cold resistant. (rC+)
You are immune to negative energy. (rN+++)
You do not regenerate when monsters are visible.
You are immune to unholy pain and torment.
You can survive without breathing.


Message History

The gnoll hits you from afar with a cursed +0 spear.
The gnoll barely misses you.
Throwing (i - inventory. (/) - cycle)
e - 4 poisoned darts (quivered)
Press: ? - help, Shift-Dir - straight line, f/p - gnoll
Aim: a gnoll, wielding a +0 spear (moderately wounded)
You throw a poisoned dart. The poisoned dart hits the gnoll.
The gnoll is poisoned.
The gnoll is moderately wounded.
The gnoll hits you but does no damage.
The gnoll hits you from afar with a +0 spear.
* * * LOW HITPOINT WARNING * * *
The gnoll barely misses you. The gnoll closely misses you.
Things that are here:
a +0 flail; a gnoll corpse You claw the gnoll!
You kill the gnoll!
Your Stealth skill increases to level 1!
The gnoll barely misses you. The gnoll hits you but does no damage.
The gnoll closely misses you. The gnoll hits you with a +0 flail!
You die...

. .!....
######.##......#
........#......#
......#.#(.....#
......#........#
.....(.........#
...............#
.......(.......#
(.(...##g@g....#
..(..
##)÷....#####
(g..
#.#........# ..g
#..........# ..
##.........# .
###..########
#...>..#
#......#
#......#


You could see 2 gnolls.

Vanquished Creatures
  2 gnolls (D:2)
  2 ball pythons (D:1)
  2 giant cockroaches (D:1)
  4 goblins (D:1)
  2 hobgoblins (D:1)
  3 jackals (D:1)
  6 bats
  3 kobolds (D:1)
  A rat (D:2)
25 creatures vanquished.

Notes
Turn   | Place    | Note
-------+----------+-------------------------------------------
     0 | D:1      | Aethirshero the Ghoul Warper began the quest for the Orb.
     0 | D:1      | Reached XP level 1. HP: 17/17 MP: 2/2
    94 | D:1      | Reached skill level 1 in Armour
   115 | D:1      | Reached XP level 2. HP: 24/25 MP: 3/3
   178 | D:1      | Upgraded the game from 0.24-a0-335-g06ca16a to
                  | 0.24-a0-341-g52ca42d
   477 | D:1      | Reached XP level 3. HP: 30/30 MP: 4/4
   729 | D:2      | Reached skill level 1 in Stealth
   730 | D:2      | Slain by a gnoll

Levels and vault maps discovered:
D:1:      saegor_arrival_miasma, layout_loops_ring
D:2:      layout_basic

Skill      XL: |  1  2  3 |
---------------+----------+-----
Armour         | 1 |  1.2
Dodging        | 2 |  2.0
Spellcasting   | 2 |  2.0
Stealth        | 1 |  1.0
Fighting       | |  2.8
Throwing       | |  0.8
Unarmed Combat | |  2.9
Translocations | |  2.6

Action                   || total
-------------------------++-------
Melee: Unarmed           ||    73
Throw: Dart              ||     8
  Eat: Chunk             ||    10
Armor: Leather armour    ||    20
Dodge: Dodged            ||    49

Table legend:
 A = Non-vault XP
 B = Vault XP
 C = Vault XP percentage of total XP
 D = Non-vault monster count
 E = Vault monster count
 F = Vault count percentage of total count
                 A         B        C        D         E       F
            +---------+---------+-------+---------+---------+-------
      Total |      64 |       0 |   0.0 |      25 |       0 |   0.0
            +---------+---------+-------+---------+---------+-------
        D:1 |      34 |       0 |   0.0 |      21 |       0 |   0.0
        D:2 |      30 |       0 |   0.0 |       4 |       0 |   0.0
            +---------+---------+-------+---------+---------+-------
